 Dungeon Crawl Stone Soup version 0.28-a0-1447-ga5a8893891 (webtiles) character file.

Game seed: 9445586069154678402

56 testman the Nimble (level 3, -7/39 HPs)
             Began as a Gnoll Wanderer on Jan 11, 2022.
             Was a Follower of Zin.
             Killed from afar by Jessica (10 damage)
             ... with a puff of flame
             ... on level 2 of the Dungeon.
             The game lasted 00:09:25 (1618 turns).

testman the Nimble (Gnoll Wanderer)                 Turns: 1618, Time: 00:09:25

Health: -7/39      AC: 21    Str: 11    XL:     3   Next: 95%
Magic:  5/7        EV:  2    Int: 11    God:    Zin [*.....]
Gold:   61         SH:  0    Dex: 13    Spells: 3/7 levels left

rFire   . . .      SeeInvis .   a - +2 short sword
rCold   . . .      Faith    .   j - orb {light}
rNeg    . . .      Spirit   .   (armour currently unavailable)
rPois   +          Reflect  .   (helmet currently unavailable)
rElec   .          Harm     .   (cloak currently unavailable)
rCorr   .          Rampage  .   (gloves currently unavailable)
Will    .....      NoTele   +   (boots currently unavailable)
Stlth   +.........              (no amulet)
HPRegen 0.13/turn               (no ring)
MPRegen 0.10/turn               (no ring)

@: tree-form, reciting, glowing
A: stationary, stasis, torment immunity, boosted hp, (fangs 1), strong nose,
distributed training
a: Renounce Religion, Recite, Donate Gold


You were on level 2 of the Dungeon.
You worshipped Zin.
Zin was aware of your devotion.
You were a tree.
You visited 1 branch of the dungeon, and saw 2 of its levels.

You collected 67 gold pieces.
You donated 6 gold pieces to Zin.

Inventory:

Hand Weapons
 a - a +2 short sword (weapon)
Missiles
 d - 49 stones (quivered)
Armour
 b - a +0 pair of gloves (melded)
 c - a +0 robe (melded)
 j - an orb of light (worn)
Magical Staves
 f - a staff of death
 k - a staff of poison
Jewellery
 h - an amulet of faith
Scrolls
 e - 2 scrolls of fog {unknown}
 g - a scroll of enchant armour {unknown}


   Skills:
 + Level 1.0 Fighting
 + Level 8.5 Short Blades
 + Level 1.0 Long Blades
 + Level 1.0 Axes
 + Level 1.0 Maces & Flails
 + Level 1.0 Polearms
 + Level 1.0 Staves
 + Level 1.0 Slings
 + Level 1.0 Bows
 + Level 1.0 Crossbows
 + Level 1.0 Throwing
 + Level 1.0 Armour
 + Level 8.5 Dodging
 + Level 1.0 Stealth
 + Level 1.0 Shields
 + Level 1.0 Unarmed Combat
 + Level 2.9 Spellcasting
 + Level 0.7 Conjurations
 + Level 2.1 Hexes
 + Level 0.7 Summonings
 + Level 0.7 Necromancy
 + Level 0.7 Translocations
 + Level 0.7 Transmutations
 + Level 0.7 Fire Magic
 + Level 0.7 Ice Magic
 + Level 0.7 Air Magic
 + Level 0.7 Earth Magic
 + Level 0.7 Poison Magic
 + Level 1.0 Invocations
 + Level 1.0 Evocations


You had 3 spell levels left.
You knew the following spells:

 Your Spells              Type           Power      Damage    Failure   Level
a - Slow                  Hex            24%        N/A       11%         1
b - Tukima's Dance        Hex            6%         N/A       32%         3

Your spell library contained the following spells:

 Spells                   Type           Power      Damage    Failure   Level
 Conjure Flame            Conj/Fire      3%         6-21      52%         3
 Ignite Poison            Fire/Tmut/Pois 3%         N/A       52%         3
 Sticky Flame             Conj/Fire      3%         2d3       89%         4


Dungeon Overview and Level Annotations

Branches:
Dungeon (2/15)

Altars:
Zin

Annotations:
D:2 Jessica


Innate Abilities, Weirdness & Mutations

You are a tree.
Your roots penetrate the ground, keeping you stationary.
You cannot be teleported.
You are immune to unholy pain and torment.
Your maximum health is greatly increased.
Your equipment is partially melded.
((You have very sharp teeth.))
Your uncanny sense of smell can sniff out nearby items.
Your experience applies equally to all skills.


Message History

Aim: Jessica, wielding a +0 dagger, wearing a +0 robe and carrying a wand of flame (9) (fast, haloed, chance to affect: 51%)
You miscast Slow.
You are very lightly contaminated with residual magic.
Nothing appears to happen.
Jessica points at you and mumbles some strange words.
Pain shoots through your body!
* * * LOW HITPOINT WARNING * * *
Unknown command.
It was a potion of lignification.
You turn into a tree.
Your +0 pair of gloves melds into your body.
Your +0 robe melds into your body.
Your roots penetrate the ground.
Zin forgives your inadvertent chaotic act, just this once.
Jessica hits you but does no damage.
You hit Jessica but do no damage. Jessica hits you but does no damage.
You hit Jessica but do no damage. Jessica hits you but does no damage.
You hit Jessica.
Jessica is heavily wounded.
Jessica gestures wildly while chanting.
Jessica blinks!
Casting: Slow (safe; 11% risk of failure)
Confirm with . or Enter, or press ? or * to list all spells.
Aiming: Slow (safe; 11% risk of failure)
Press: ? - help, Shift-Dir - straight line, f/p - Jessica
Aim: Jessica, wielding a +0 dagger, wearing a +0 robe and carrying a wand of flame (9) (heavily wounded, fast, haloed, chance to affect: 51%) Jessica seems to slow down.
Activating: Recite (4% risk of failure)
Press: ? - help, Dir - look around, f - activate You clear your throat and prepare to recite. "The law of Zin demands thee..."
Jessica zaps a wand.
The puff of flame hits you.
* * * LOW HITPOINT WARNING * * *
Your magical contamination has completely faded away.
Throw: 50 stones
Press: ? - help, Q - select action, (/) - cycle Shift-Dir - straight line, f - Jessica
Aim: Jessica, wielding a +0 dagger, wearing a +0 robe and carrying a wand of flame (8) (heavily wounded, fast, slow, haloed, 76% to hit)
You throw a stone. The stone hits Jessica.
Jessica is severely wounded. "...be pious, and that the punishment for blasphemy..."
Jessica zaps a wand.
The puff of flame hits you!
You die...

.@...$..# ∆
........#
........#
....§...#
........#######
...............
#.# #######.#
#..@†♣..#
#.####### #.#
##.#### #.....#
#.....# . ∆
#.....#
#.....## .
##+#...#


You could see Jessica (fast, slow).

Vanquished Creatures
  A gnoll (D:1)
  2 adders (D:2)
  A dart slug (D:1)
  An endoplasm (D:1)
  A giant cockroach (D:2)
  4 hobgoblins
  3 quokkas (D:1)
  2 ball pythons
  A bat (D:1)
  A frilled lizard (D:1)
  4 goblins
  2 kobolds
  2 rats (D:1)
25 creatures vanquished.

Notes
Turn   | Place    | Note
-------+----------+-------------------------------------------
     0 | D:1      | testman the Gnoll Wanderer began the quest for the Orb.
     0 | D:1      | testman set off with the following items: a +2 short sword,
                  | a +0 pair of gloves, a +0 robe; and the following spell
                  | memorised: Slow; and the following spells available to
                  | memorise: Tukima's Dance
     0 | D:1      | Reached XP level 1. HP: 13/13 MP: 4/4
   174 | D:1      | Reached XP level 2. HP: 19/19 MP: 3/5
   885 | D:1      | Reached XP level 3. HP: 22/25 MP: 7/7
  1039 | D:1      | Learned a level 3 spell: Tukima's Dance
  1332 | D:2      | Reached skill level 1 in Invocations
  1362 | D:2      | Noticed an ogre
  1428 | D:2      | Found a faded altar of an unknown god.
  1440 | D:2      | Prayed at the altar of an unknown god.
  1440 | D:2      | Became a worshipper of Zin the Law-Giver
  1440 | D:2      | Reached * piety under Zin
  1520 | D:2      | Reached skill level 1 in Fighting
  1520 | D:2      | Reached skill level 1 in Long Blades
  1520 | D:2      | Reached skill level 1 in Axes
  1520 | D:2      | Reached skill level 1 in Maces & Flails
  1520 | D:2      | Reached skill level 1 in Polearms
  1520 | D:2      | Reached skill level 1 in Staves
  1520 | D:2      | Reached skill level 1 in Slings
  1520 | D:2      | Reached skill level 1 in Bows
  1520 | D:2      | Reached skill level 1 in Crossbows
  1520 | D:2      | Reached skill level 1 in Throwing
  1520 | D:2      | Reached skill level 1 in Armour
  1520 | D:2      | Reached skill level 1 in Stealth
  1520 | D:2      | Reached skill level 1 in Shields
  1520 | D:2      | Reached skill level 1 in Unarmed Combat
  1520 | D:2      | Reached skill level 1 in Evocations
  1602 | D:2      | Noticed Jessica
  1618 | D:2      | Killed from afar by Jessica

Illustrated notes

Levels and vault maps discovered:
D:1:      dpeg_arrival_more_subterranean_lakeside_camping, layout_loops_ring,
          hangedman_glass_teeth
D:2:      minmay_recursive_quarters, layout_basic,
          ebering_ecumenical_altar_rust, kennysheep_generic_room_13,
          uniq_sigmund, uniq_jessica, uniq_crazy_yiuf_cottage

Skill      XL: |  1  2  3 |
---------------+----------+-----
Hexes          | 2 |  2.1
Invocations    | 1 |  1.0
Fighting       | 1 |  1.0
Long Blades    | 1 |  1.0
Axes           | 1 |  1.0
Maces & Flails | 1 |  1.0
Polearms       | 1 |  1.0
Staves         | 1 |  1.0
Slings         | 1 |  1.0
Bows           | 1 |  1.0
Crossbows      | 1 |  1.0
Throwing       | 1 |  1.0
Armour         | 1 |  1.0
Stealth        | 1 |  1.0
Shields        | 1 |  1.0
Unarmed Combat | 1 |  1.0
Evocations     | 1 |  1.0
Short Blades   | |  8.5
Dodging        | |  8.5
Spellcasting   | |  2.9
Conjurations   | |  0.7
Summonings     | |  0.7
Necromancy     | |  0.7
Translocations | |  0.7
Transmutations | |  0.7
Fire Magic     | |  0.7
Ice Magic      | |  0.7
Air Magic      | |  0.7
Earth Magic    | |  0.7
Poison Magic   | |  0.7

Action                   || total
-------------------------++-------
Melee: Short sword       ||    75
       Bite              ||     3
Throw: Stone             ||     1
 Cast: Slow              ||     9
Invok: Recite            ||     1
  Use: Potion            ||     1
 Stab: Sleeping          ||     1
Armor: Robe              ||     9
       Skin              ||     3
Dodge: Dodged            ||    31

Table legend: (Time is in decaauts)
 A = Elapsed time spent in this place.
 B = Non-inter-level travel time spent in this place.
 C = Inter-level travel time spent in this place.
 D = Time resting spent in this place.
 E = Time spent auto-exploring this place.
 F = Levels seen in this place.
 G = Mean time per level.
                   A        B        C        D        E       F      G
               +--------+--------+--------+--------+--------+-----+--------+
         Total |   1595 |   1533 |     62 |    289 |    980 |   2 |  797.5 |
       Dungeon |   1595 |   1533 |     62 |    289 |    980 |   2 |  797.5 |
               +--------+--------+--------+--------+--------+-----+--------+

Top non-repeatable levels by time:
     D:1: 1290 daAuts
     D:2: 304 daAuts
